 Dungeon Crawl Stone Soup version 0.16-a0-3250-g88dccf0 (webtiles) character file.

24 GlassGo the Changer (level 3, -1/23 HPs)
             Began as an Octopode Transmuter on Dec 22, 2014.
             Slain by an adder (4 damage)
             ... on level 2 of the Dungeon.
             The game lasted 00:09:23 (1723 turns).

GlassGo the Changer (Octopode Transmuter)           Turns: 1723, Time: 00:09:24

Health: -1/23      AC:  1    Str:  9    XL:     3   Next: 2%
Magic:  5/6        EV: 12    Int: 15    God:
Gold:   40         SH:  0    Dex: 13    Spells: 2 memorised, 2 levels left

rFire  . . .     SeeInvis .       - Unarmed
rCold  . . .     Clarity  .     (no shield)
rNeg   . . .     SustAb   .     (helmet restricted)
rPois  .         Gourm    .     (no amulet)
rElec  .         Spirit   .     (no ring)
rCorr  .         Warding  .     (no ring)
rMut   .         Stasis   .     (no ring)
MR     .....                    (no ring)
Stlth  ++........               (no ring)
                                (no ring)
                                (no ring)
                                (no ring)

@: lethally poisoned, appendage (expiring), not resistant to hostile
enchantments, unstealthy
A: almost no armour, amphibious, 8 rings, constrict 8, tentacle spike 3,
camouflage 1, gelatinous body 1
a: End Transformation


You were on level 2 of the Dungeon.
You were very hungry.
One of your tentacles had a temporary spike.
You visited 1 branch of the dungeon, and saw 2 of its levels.

You collected 40 gold pieces.

Inventory:

Hand weapons
 h - a +0 hunting sling
Missiles
 b - 20 arrows
 e - 3 arrows of frost
 i - 31 stones (quivered)
 j - 20 sling bullets
 l - a poisoned needle
Scrolls
 f - 4 scrolls of identify {unknown}
 g - a scroll of remove curse {unknown}
Potions
 c - 2 potions of restore abilities {unknown}
 k - a potion of cancellation {unknown}
 m - a potion of curing {unknown}
 n - a potion of heal wounds {unknown}
Books
 d - a book of Changes

   Spells                             Type                      Level
   a - Beastly Appendage              Transmutation                1
   b - Sticks to Snakes               Transmutation                2
   c - Spider Form                    Transmutation/Poison         3
   d - Ice Form                       Ice/Transmutation            4
   e - Blade Hands                    Transmutation                5
Comestibles
 a - 2 bread rations


   Skills:
 - Level 1.0 Fighting
 - Level 2.0 Dodging
 - Level 3.0 Unarmed Combat
 - Level 2.0 Spellcasting
 * Level 3.4 Transmutations


You had 2 spell levels left.
You knew the following spells:

 Your Spells              Type           Power        Failure   Level  Hunger
a - Beastly Appendage     Trmt           ##....       8%          1    #......
b - Spider Form           Trmt/Pois      #.........   34%         3    ###....


Dungeon Overview and Level Annotations

Branches:
Dungeon (2/15)

Altars:
Qazlal
The Shining One


Innate Abilities, Weirdness & Mutations

You cannot wear most types of armour.
You are amphibious.
You can wear up to eight rings at the same time.
You can use your tentacles to constrict many enemies at once.
Your skin changes colour to match your surroundings (Stealth).
Your rubbery body absorbs attacks (AC +1).
One of your tentacles bears a large vicious spike.


Message History

The adder poisons you!
You closely miss the adder. Your grab misses the adder.
Your tentacle spike misses the adder.
The adder is moderately wounded.
You feel sick. The adder bites you.
You are more poisoned.
The adder poisons you! The adder bites you.
You are more poisoned.
The adder poisons you!
You closely miss the adder. Your grab misses the adder.
The adder is moderately wounded.
You feel sick. The adder bites you.
* * * LOW HITPOINT WARNING * * *
You are feeling very hungry.
You tentacle-slap the adder. You grab the adder.
The adder is heavily wounded.
You constrict the adder.
* * * LOW HITPOINT WARNING * * *
You feel sick. The adder bites you.
You die...

#..##.## #....
#...... .....#
##.##.####.##...#
##.##...........
...........##..#
...............#
......# #..# #
...##.#######..###.#
...##...........@S.#
...###########.#####
...# #.# #### #.# #
#.# # #.# # #.#
####### #.# ยง#....#
.


You could see an adder.

Vanquished Creatures
  A giant gecko (D:1)
  5 bats
  A giant cockroach (D:1)
  2 hobgoblins (D:2)
  A kobold (D:1)
  A giant newt (D:2)
  6 goblins
  6 rats
  7 plants (D:2)
30 creatures vanquished.

Notes
Turn   | Place    | Note
--------------------------------------------------------------
     0 | D:1      | GlassGo, the Octopode Transmuter, began the quest for the Orb.
     0 | D:1      | Reached XP level 1. HP: 13/13 MP: 3/3
   243 | D:1      | Reached XP level 2. HP: 13/18 MP: 4/4
   829 | D:2      | Found a glowing golden altar of the Shining One.
  1514 | D:2      | Found a stormy altar of Qazlal.
  1537 | D:2      | Reached XP level 3. HP: 12/23 MP: 6/6
  1697 | D:2      | Learned a level 3 spell: Spider Form
  1723 | D:2      | Slain by an adder

Action                   || total
-------------------------++-------
Melee: Unarmed           ||   247
 Cast: Beastly Appendage ||     3
 Stab: Sleeping          ||     8
  Eat: Chunk             ||     2
